 Dungeon Crawl Stone Soup version 0.22.1-1-ga44c0e56f4 (webtiles) character file.

9132 Kniotic the Martial Artist (level 11, -13/78 HPs)
             Began as an Octopode Monk on Nov 3, 2018.
             Was an Elder of Dithmenos.
             Mangled by a minotaur (18 damage)
             ... in a labyrinth.
             The game lasted 00:36:55 (9681 turns).

Kniotic the Martial Artist (Octopode Monk)          Turns: 9681, Time: 00:36:56

Health: -13/78     AC:  1    Str: 13    XL:     11   Next: 41%
Magic:  17/18      EV: 28    Int: 12    God:    Dithmenos [****..]
Gold:   654        SH:  0    Dex: 20    Spells: 18/19 levels left

rFire    + . .     SeeInvis .     - Unarmed
rCold    + . .     Gourm    .   (no shield)
rNeg     + . .     Faith    .   (helmet restricted)
rPois    +         Spirit   .   i - amulet of regeneration
rElec    .         Reflect  .   p - ring of protection from cold
rCorr    .         Harm     .   u - +2 ring of dexterity
MR       .....                  w - ring "Tioshrim" {rF+ rN+ Int-4 Dex+3 Slay+2}
Stlth    +++++.....             x - +3 ring of evasion
HPRegen  0.63/turn              C - ring of poison resistance
MPRegen  0.16/turn              H - +3 ring of strength
                                f - +4 ring of evasion
                                (no ring)

@: confusing touch, wreathed by umbra
A: almost no armour, stealthy swim, amphibious, 8 rings, constrict 8, camouflage
1, gelatinous body 1
a: Shadow Step, Renounce Religion


You were in a labyrinth.
You worshipped Dithmenos.
Dithmenos was greatly pleased with you.
You were not hungry.

You visited 2 branches of the dungeon, and saw 13 of its levels.
You also visited: Labyrinth and Bailey.

You collected 693 gold pieces.
You spent 39 gold pieces at shops.

Inventory:

Missiles
 n - 44 poisoned needles
Armour
 h - a +0 shield
Jewellery
 f - a +4 ring of evasion (on tentacle)
 i - an amulet of regeneration (around mantle)
 p - a ring of protection from cold (left tentacle)
 u - a +2 ring of dexterity (right tentacle)
 w - the ring "Tioshrim" (on tentacle) {rF+ rN+ Int-4 Dex+3 Slay+2}
   (You found it on level 4 of the Dungeon)

   [ring of positive energy]

   It affects your intelligence (-4).
   It affects your dexterity (+3).
   It affects your accuracy and damage with ranged weapons and melee attacks
   (+2).
   It protects you from fire.
   It protects you from negative energy.
 x - a +3 ring of evasion (on tentacle)
 y - an uncursed ring of ice
 C - a ring of poison resistance (on tentacle)
 E - an uncursed ring of teleportation
 H - a +3 ring of strength (on tentacle)
 K - a +3 ring of intelligence {unknown}
Wands
 o - a wand of acid (15)
 t - a wand of flame (31)
 G - a wand of polymorph (12)
Scrolls
 b - 7 scrolls of teleportation
 c - 3 scrolls of enchant weapon
 d - 2 scrolls of enchant armour
 l - 3 scrolls of remove curse
 A - 2 scrolls of amnesia
 B - 4 scrolls of immolation
 F - a scroll of magic mapping
Potions
 e - a potion of degeneration {unknown}
 g - 3 potions of heal wounds
 j - 2 potions of mutation
 k - a potion of resistance {unknown}
 m - 3 potions of invisibility
 q - a potion of magic
 r - 2 potions of brilliance
 s - a potion of cancellation {unknown}
 v - a potion of lignification
 z - 5 potions of curing
 D - a potion of haste {unknown}
 I - a potion of ambrosia {unknown}
 J - a potion of berserk rage {unknown}
Comestibles
 a - 23 rations


   Skills:
 * Level 8.4 Fighting
 + Level 9.6 Dodging
 - Level 2.6 Stealth
 - Level 10.6 Unarmed Combat
 + Level 4.9 Spellcasting
 + Level 5.3 Hexes


You had 18 spell levels left.
You knew the following spells:

 Your Spells              Type           Power        Failure   Level  Hunger
a - Confusing Touch       Hex            ###...       2%          1    None

Your spell library contained the following spells:

 Spells                   Type           Power        Failure   Level  Hunger
 Corona                   Hex            ###....      2%          1    None
 Confuse                  Hex            ###.....     7%          3    ###....
 Tukima's Dance           Hex            ###.....     7%          3    ###....
 Ensorcelled Hibernation  Hex/Ice        #.....       11%         2    ##.....
 Magic Dart               Conj           #...         21%         1    None
 Dazzling Spray           Conj/Hex       #.....       21%         3    ###....
 Searing Ray              Conj           #.....       30%         2    ##.....
 Gell's Gravitas          Tloc           #.........   52%         3    ###....
 Fulminant Prism          Conj/Hex       #.........   56%         4    ####...
 Metabolic Englaciation   Hex/Ice        #.........   88%         5    ######.
 Yara's Violent Unravell  Hex/Tmut       #.........   88%         5    ######.
 Force Lance              Conj/Tloc      #.......     90%         4    ####...
 Iskenderun's Mystic Bla  Conj           #.......     90%         4    ####...
 Petrify                  Tmut/Erth      #.......     90%         4    ####...


Dungeon Overview and Level Annotations

Branches:
Dungeon (12/15)            Temple (1/1) D:6            Lair (0/6) D:8
    Orc: D:9-12

Altars:
Ashenzari
Cheibriados
Dithmenos
Elyvilon
Fedhas
Gozag
Hepliaklqana
Kikubaaqudgha
Makhleb
Nemelex Xobeh
Okawaru
Qazlal
Ru
Sif Muna
Trog
Uskayaw
Vehumet
Wu Jian
Xom
Yredelemnul
Zin
The Shining One
Jiyva

Shops:
D:6 !

Annotations:
D:9 1 transporter


Innate Abilities, Weirdness & Mutations

You cannot wear most types of armour.
You are very stealthy in the water. (Stealth+)
You are amphibious.
You can wear up to eight rings at the same time.
You can use your tentacles to constrict eight enemies at once.
Your skin changes colour to match your surroundings (Stealth+).
Your rubbery body absorbs attacks. (AC +1, EV +1)


Message History

You constrict the minotaur, but do no damage.
The minotaur seems less confused.
The minotaur barely misses you. The minotaur gores you!
You barely miss the minotaur.
The minotaur furiously retaliates!
The minotaur headbutts you, but does no damage.
The minotaur is moderately wounded.
You constrict the minotaur, but do no damage.
The minotaur completely misses you. The minotaur gores you.
Casting: Confusing Touch (safe; 2% risk of failure)
Confirm with . or Enter, or press ? or * to list all spells.
Your tentacles begin to glow red.
You constrict the minotaur. The minotaur barely misses you.
The minotaur gores you!
You tentacle-slap the minotaur but do no damage.
You tentacle-slap the minotaur, but do no damage.
You squeeze the minotaur, but do no damage.
The minotaur is moderately wounded.
You constrict the minotaur. The minotaur hits you!!
* * * LOW HITPOINT WARNING * * *
The minotaur gores you!!
You die...

#### ... #..#
#..# ###+##
#. # .#
#..⌠.###..# .
+⌠...'.'.# .#
#.@.<###....#
#H⌠..# # ####
##+###
#......# #..#
. # ###
####..# #
.... ......##
# #. . . .#
#.#####.#.###
...#...#.#


You could see a minotaur.

Vanquished Creatures
  5 gargoyles (Lab)
  Psyche (D:8)
  A troll (D:10)
  A minotaur skeleton (Lab)
  A hippogriff (D:9)
  10 yaks
  Eustachio (D:4)
  3 hogs (D:9)
  A wyvern (D:9)
  A hungry ghost (D:9)
  Grum (D:8)
  A human (D:9)
  2 orc warriors
  A phantom (D:8)
  A black bear (D:9)
  6 ogres
  4 wolves
  2 centaurs
  4 bullfrogs
  A wyvern zombie (D:9)
  A scorpion (D:4)
  7 wights
  5 howler monkeys
  6 crimson imps
  3 bullfrog zombies
  8 hounds
  A bullfrog skeleton (D:5)
  2 centaur skeletons
  3 jellies
  5 orc priests
  Terence (D:2)
  2 iguanas
  15 orc wizards
  7 worker ants
  2 hound zombies
  2 worker ant zombies
  2 howler monkey skeletons
  11 adders
  2 oozes
  An adder zombie (D:7)
  3 worms
  2 dart slugs
  6 leopard geckos
  44 orcs
  7 bats
  2 giant cockroaches
  12 goblins
  5 hobgoblins
  24 jackals
  4 quokkas
  2 ball pythons (D:1)
  A frilled lizard (D:4)
  2 jackal skeletons
  7 kobolds
  A leopard gecko zombie (D:7)
  2 quokka skeletons (D:4)
  A quokka zombie (D:5)
  8 rats
267 creatures vanquished.

Notes
Turn   | Place    | Note
-------+----------+-------------------------------------------
     0 | D:1      | Kniotic the Octopode Monk began the quest for the Orb.
     0 | D:1      | Reached XP level 1. HP: 16/16 MP: 1/1
   118 | D:1      | Reached XP level 2. HP: 15/21 MP: 2/2
   668 | D:2      | Reached XP level 3. HP: 23/26 MP: 3/3
   833 | D:2      | Noticed Terence
   852 | D:2      | Reached skill level 4 in Unarmed Combat
   967 | D:2      | Killed Terence
   967 | D:2      | Reached XP level 4. HP: 20/31 MP: 4/4
  1094 | D:2      | Found a radiant altar of Vehumet.
  1348 | D:3      | Found a stormy altar of Qazlal.
  1348 | D:3      | Noticed an earth elemental
  1350 | D:3      | Noticed a fire elemental
  1350 | D:3      | Noticed a water elemental
  1350 | D:3      | Noticed an air elemental
  1638 | D:3      | Reached skill level 5 in Unarmed Combat
  1638 | D:3      | Reached XP level 5. HP: 15/36 MP: 5/5
  1726 | D:3      | Found an iron altar of Okawaru.
  1898 | D:3      | Found an ancient bone altar of Kikubaaqudgha.
  2223 | D:4      | Found a blossoming altar of Fedhas.
  2230 | D:4      | Reached XP level 6. HP: 37/42 MP: 6/6
  2348 | D:4      | Noticed Eustachio
  2379 | D:4      | Killed Eustachio
  2379 | D:4      | Reached skill level 6 in Unarmed Combat
  2461 | D:4      | You fall through a shaft for 3 floors!
  2516 | D:7      | Reached skill level 5 in Dodging
  2516 | D:7      | Reached XP level 7. HP: 38/46 MP: 7/7
  2637 | D:7      | Reached skill level 7 in Unarmed Combat
  2862 | D:6      | You fall through a shaft!
  3466 | D:5      | Entered Level 5 of the Dungeon
  3516 | D:4      | Reached XP level 8. HP: 43/52 MP: 8/8
  3635 | D:4      | Reached skill level 8 in Unarmed Combat
  3772 | D:4      | Got a slimy marble ring
  3774 | D:4      | Identified the ring "Tioshrim" {rF+ rN+ Int-4 Dex+3 Slay+2}
                  | (You found it on level 4 of the Dungeon)
  4373 | D:5      | Found a burning altar of Makhleb.
  4558 | D:6      | Found Yned's Distillery.
  4566 | D:6      | Bought a potion of curing for 39 gold pieces
  4675 | D:6      | Found a sparkling altar of Nemelex Xobeh.
  4690 | D:6      | Reached skill level 9 in Unarmed Combat
  5174 | D:6      | Found a staircase to the Ecumenical Temple.
  5357 | Temple   | Entered the Ecumenical Temple
  5463 | Temple   | Became a worshipper of Dithmenos the Shadowed
  5463 | Temple   | Reached * piety under Dithmenos
  5463 | Temple   | Reached ** piety under Dithmenos
  5593 | D:6      | Reached XP level 9. HP: 45/56 MP: 9/9
  5603 | D:6      | Found a burning altar of Makhleb.
  5603 | D:6      | Found a hide-covered altar of Uskayaw.
  5831 | D:7      | Reached skill level 10 in Unarmed Combat
  6244 | D:8      | Noticed Grum
  6293 | D:8      | Killed Grum
  6318 | D:8      | Found a shattered altar of Ashenzari.
  6337 | D:8      | Learned a level 1 spell: Confusing Touch
  6470 | D:8      | Reached skill level 1 in Spellcasting
  6470 | D:8      | Reached skill level 1 in Hexes
  6492 | D:8      | Found a staircase to the Lair.
  6493 | D:8      | Noticed Psyche
  6505 | D:8      | Killed Psyche
  6562 | D:8      | Reached XP level 10. HP: 65/65 MP: 11/13
  6609 | D:8      | Reached skill level 5 in Fighting
  7116 | D:9      | Found a flagged portal.
  7182 | Bailey   | Entered a bailey
  7631 | D:9      | Reached *** piety under Dithmenos
  7678 | D:9      | Found a viscous altar of Jiyva.
  7851 | D:9      | Found a transporter.
  8086 | D:9      | Found a snail-covered altar of Cheibriados.
  8115 | D:9      | Reached **** piety under Dithmenos
  8161 | D:9      | Found a basalt altar of Yredelemnul.
  8541 | D:10     | Entered Level 10 of the Dungeon
  8564 | D:10     | Reached XP level 11. HP: 53/75 MP: 17/17
  8950 | D:10     | You fall through a shaft for 2 floors!
  9118 | D:11     | Found a labyrinth entrance.
  9160 | Lab      | Entered a labyrinth
  9300 | Lab      | Reached skill level 5 in Hexes
  9668 | Lab      | Noticed a minotaur
  9681 | Lab      | Mangled by a minotaur

Skill      XL: |  1  2  3  4  5  6  7  8  9 10 11 |
---------------+----------------------------------+-----
Unarmed Combat | 4 5 6 7 9 10 | 10.6
Dodging        | 4 5 7 8 9 |  9.6
Spellcasting   | 2 4 |  4.9
Hexes          | 2 4 5 |  5.3
Fighting       | 4 7 8 |  8.4
Stealth        | |  2.6

Action                   |  1- 3 |  4- 6 |  7- 9 | 10-12 || total
-------------------------+-------+-------+-------+-------++-------
Melee: Unarmed           |    66 |   117 |   266 |   309 ||   758
       Constrict         |    20 |    24 |    67 |    57 ||   168
       Tentacles         |    12 |    21 |    72 |    94 ||   199
       Punch             |     2 |     3 |    26 |    35 ||    66
 Cast: Confusing Touch   |       |       |       |     3 ||     3
  Use: Scroll            |     4 |       |    14 |     6 ||    24
       Potion            |       |     1 |       |       ||     1
 Stab: Sleeping          |    11 |    11 |    14 |     8 ||    44
       Distracted        |       |       |       |     1 ||     1
       Confused          |       |       |       |     1 ||     1
  Eat: Chunk             |       |     5 |    13 |    10 ||    28
       Ration            |       |       |       |     1 ||     1
Armor: Skin              |     5 |    24 |     3 |     4 ||    36
Dodge: Dodged            |    25 |    46 |   202 |   276 ||   549
